 Dungeon Crawl Stone Soup version 0.22.1-5-g62c59d9 (webtiles) character file.

424 JustSomeDude the Shield-Bearer (level 6, 0/70 HPs)
             Began as a Demonspawn Fighter on Jan 9, 2019.
             Was an Initiate of Dithmenos.
             Slain by an orc
             ... wielding a +0 trident
              (1 damage)
             ... on level 5 of the Dungeon.
             The game lasted 00:09:32 (3374 turns).

JustSomeDude the Shield-Bearer (Demonspawn Fighter) Turns: 3374, Time: 00:09:32

Health: 0/70       AC:  3    Str: 21 (22) XL:     6   Next: 64%
Magic:  6/6        EV:  9    Int:  7 (9)  God:    Dithmenos [......]
Gold:   223        SH:  9    Dex: 11 (14) Spells: 5/5 levels left

rFire    . . .     SeeInvis .   j - +0 short sword
rCold    . . .     Gourm    .   c - +0 shield
rNeg     + . .     Faith    +   k - +0 leather armour
rPois    .         Spirit   .   (helmet restricted)
rElec    .         Reflect  .   (no cloak)
rCorr    .         Harm     .   (no gloves)
MR       +....                  (no boots)
Stlth    ..........             p - amulet of faith
HPRegen  0.21/turn              m - ring of protection from magic
MPRegen  0.10/turn              y - ring of positive energy

@: berserking, flying, very quick
A: horns 1, nightstalker 1
a: Renounce Religion


You were on level 5 of the Dungeon.
You worshipped Dithmenos.
Dithmenos was noncommittal.
You were not hungry.

You visited 2 branches of the dungeon, and saw 6 of its levels.

You collected 223 gold pieces.

Inventory:

Hand Weapons
 a - a +0 trident
 j - a +0 short sword (weapon)
Armour
 b - a +0 scale mail
 c - a +0 shield (worn)
 k - a +0 leather armour (worn)
 t - a +0 ring mail
Jewellery
 m - a ring of protection from magic (left hand)
 p - an amulet of faith (around neck)
 w - an uncursed amulet of guardian spirit {unknown}
 y - a ring of positive energy (right hand)
Scrolls
 d - a scroll of magic mapping {unknown}
 e - 2 scrolls of fear {unknown}
 g - 2 scrolls of immolation {unknown}
 h - 5 scrolls of remove curse {unknown}
 i - 3 scrolls of identify {unknown}
 o - a scroll of teleportation {unknown}
 q - 2 scrolls of enchant armour {unknown}
 u - a scroll of amnesia {unknown}
 v - a scroll of blinking {unknown}
Potions
 n - 2 potions of heal wounds
Comestibles
 f - 13 rations
 x - 3 chunks of flesh


   Skills:
 + Level 3.5 Fighting
 * Level 3.4 Short Blades
 - Level 2.1 Polearms
 + Level 3.2 Armour
 + Level 1.4 Dodging
 * Level 2.2 Stealth
 + Level 3.8 Shields
 * Level 1.1 Invocations


You had 5 spell levels left.
You didn't know any spells.
Your spell library was empty.

Dungeon Overview and Level Annotations

Branches:
Dungeon (5/15)             Temple (1/1) D:4

Altars:
Ashenzari
Cheibriados
Dithmenos
Elyvilon
Fedhas
Gozag
Hepliaklqana
Kikubaaqudgha
Nemelex Xobeh
Okawaru
Qazlal
Ru
Sif Muna
Trog
Uskayaw
Vehumet
Wu Jian
Xom
Yredelemnul
Zin
The Shining One


Innate Abilities, Weirdness & Mutations

You have a pair of small horns on your head.
You are slightly more attuned to the shadows.


Message History

The centaur hits you but does no damage.
The orc hits you from afar with a trident.
* * * LOW HITPOINT WARNING * * *
You block the orc wizard's attack.
You puncture the centaur!
You kill the centaur!
Dithmenos accepts your kill.
You feel your intelligence returning.
Your Invocations skill increases to level 1!
You block the crimson imp's attack.
The orc wizard hits you but does no damage.
The orc barely misses you.
You hit the orc wizard but do no damage.
The orc wizard hits you with a dagger.
* * * LOW HITPOINT WARNING * * *
You block the crimson imp's attack.
Unknown command.
You closely miss the orc wizard.
The orc hits you from afar with a trident.
You die...

##....#...####...#
#....###....#...#
##...## ##.......###.
##...## ###.........
##...## ##.........
#...## ##.........#
....# ##...........
...## ##......5.....
...# #......@o.....
..## ##........[).....
..###.........$..o.....
........ ..............
#....### #?............
#..### ##............
#..# #..$.....>... #..#
#..#


You could see an orc wizard, a crimson imp and an orc.

Vanquished Creatures
  2 centaurs
  2 crimson imps
  A centaur skeleton (D:4)
  An iguana (D:4)
  A worker ant (D:4)
  3 adders
  2 worms
  A dart slug (D:1)
  3 leopard geckos
  6 orcs
  5 giant cockroaches
  11 goblins
  4 hobgoblins
  8 jackals
  2 quokkas
  A ball python (D:3)
  5 bats
  3 frilled lizards
  9 kobolds
  9 rats
79 creatures vanquished.

Notes
Turn   | Place    | Note
-------+----------+-------------------------------------------
     0 | D:1      | JustSomeDude the Demonspawn Fighter began the quest for the
                  | Orb.
     0 | D:1      | Reached XP level 1. HP: 18/18 MP: 1/1
   122 | D:1      | Gained mutation: You are slightly more attuned to the
                  | shadows. [demonic ancestry]
   122 | D:1      | Reached XP level 2. HP: 21/24 MP: 2/2
   756 | D:2      | Gained mutation: You have a pair of small horns on your
                  | head. [demonic ancestry]
   756 | D:2      | Reached XP level 3. HP: 25/29 MP: 3/3
   829 | D:2      | Found a shattered altar of Ashenzari.
  1048 | D:2      | Reached XP level 4. HP: 7/35 MP: 4/4
  1396 | D:2      | Reached skill level 1 in Short Blades
  1472 | D:3      | Reached skill level 1 in Stealth
  1517 | D:3      | Noticed a black bear
  1894 | D:3      | Noticed a centaur
  1905 | D:3      | Killed a centaur
  1905 | D:3      | Reached skill level 1 in Dodging
  1905 | D:3      | Reached XP level 5. HP: 23/41 MP: 5/5
  1980 | D:3      | Found an iron altar of Okawaru.
  2114 | D:3      | Found a glowing golden altar of the Shining One.
  2783 | D:4      | Found a staircase to the Ecumenical Temple.
  2821 | Temple   | Entered the Ecumenical Temple
  2828 | Temple   | Became a worshipper of Dithmenos the Shadowed
  2886 | D:4      | Reached XP level 6. HP: 27/47 MP: 6/6
  3275 | D:5      | Entered Level 5 of the Dungeon
  3371 | D:5      | HP: 2/70 [orc/trident (4)]
  3372 | D:5      | Reached skill level 1 in Invocations
  3374 | D:5      | Slain by an orc

Skill      XL: |  1  2  3  4  5  6 |
---------------+-------------------+-----
Polearms       | 2 |  2.1
Shields        | 3 |  3.8
Armour         | 3 |  3.2
Short Blades   | 2 3 |  3.4
Stealth        | 1 2 |  2.2
Dodging        | 1 |  1.4
Invocations    | 1 |  1.1
Fighting       | |  3.5

Action                   |  1- 3 |  4- 6 || total
-------------------------+-------+-------++-------
Melee: Trident           |    77 |       ||    77
       Short sword       |    74 |   215 ||   289
       Headbutt          |    12 |    32 ||    44
  Use: Potion            |       |     7 ||     7
 Stab: Sleeping          |     3 |     3 ||     6
       Distracted        |       |     1 ||     1
  Eat: Chunk             |       |     8 ||     8
Armor: Scale mail        |    19 |       ||    19
       Leather armour    |    14 |    41 ||    55
Dodge: Dodged            |    35 |    70 ||   105
Block: Shield            |    53 |   113 ||   166
